[Event "Dvaro taure"]
[Site "Taujenai, Lithuania"]
[Date "2021.11.28"]
[Round "8.1"]
[White "Laurusas, Tomas"]
[Black "Greicius, Pijus"]
[Result "1-0"]
[WhiteElo "2550"]
[BlackElo "1949"]
[PlyCount "43"]
[EventDate "2021.??.??"]
[TimeControl "10+5"]
[WhiteClock "0:08:23"]
[BlackClock "0:03:43"]

1. c4 c5 2. Nf3 Nc6 3. d4 cxd4 4. Nxd4 g6 5. e4 Bg7 6. Be3 d6 7. Nc3 Nf6 8.
Be2 Bd7 9. Nb3 b6 10. O-O O-O 11. h3 Rc8 12. Nd2 Ne8 13. Rc1 Nc7 14. f4 e6 15. Nf3 Qe7 16. Bf2 Rfe8 17. Bh4 Qf8 18. Qd2 f5 19. e5 Nd8 20.
exd6 Na6 21. Be7 Qf7 22. Ng5 1-0

[Event "Dvaro taure"]
[Site "Taujenai, Lithuania"]
[Date "2021.11.28"]
[Round "8.2"]
[White "Salna, Aleksandras"]
[Black "Kalvaitis, Sigitas"]
[Result "0-1"]
[WhiteElo "2088"]
[BlackElo "2171"]
[PlyCount "114"]
[EventDate "2021.??.??"]
[TimeControl "10+5"]
[WhiteClock "0:00:57"]
[BlackClock "0:01:08"]

1. d4 Nf6 2. c4 e6 3. Nc3 d5 4. Nf3 Be7 5. Bf4 O-O 6. e3 b6 7. Be2 Bb7 8. O-O dxc4 9. Bxc4 c5 10. dxc5 Bxc5 11. a3 Nbd7 12. Qe2 a6 13. Rfd1 b5 14. Ba2 Qb6 15. a4 b4 16. a5 Qa7 17. Na4 Be7 18. Rac1 Rac8 19. h3 Bc6 20. Bb3 Bb5 21. Qe1 Qb7 22. Nd4 Bxa4 23. Bxa4 Nc5 24. Bc2 Rfd8 25. Nb3 Na4 26. Rxd8+ Rxd8 27. Rb1 Qc6 28. Nd4 Qe8 29. Bd3 Nc5 30.
Be2 Nd5 31. Bg3 Bf6 32. Rc1 Bxd4 33. exd4 Nb3 34. Rd1 Qc6 35. Qf1 Nxa5 36. Bxa6 Qc2 37. Rb1 b3 38. Bd3 Qd2 39. Qd1 Qb4 40. Rc1 Qb6 41. Rc5 Nc6 42. Be4 Nde7 43. Qg4 f5 44. Qg5 fxe4 45. Be5 Nxe5 46. Rxe5 Ng6 47. Rxe4 Rxd4 48. Re1 Qd8 49. Qe3 Rd1 50. Qxe6+ Kh8 51. g3 Rxe1+ 52. Qxe1 h6 53. Qe6 Qd1+ 54. Kg2 Kh7 55. h4 h5 56. Qf5 Qg4 57.
Qd5 Nf4+ 0-1

[Event "Dvaro taure"]
[Site "Taujenai, Lithuania"]
[Date "2021.11.28"]
[Round "8.3"]
[White "Baliasnyj, Timur"]
[Black "Bazilius, Augustinas"]
[Result "1/2-1/2"]
[WhiteElo "2001"]
[BlackElo "1911"]
[PlyCount "41"]
[EventDate "2021.??.??"]
[TimeControl "10+5"]
[WhiteClock "0:00:43"]
[BlackClock "0:01:58"]

1. Nf3 Nf6 2. c4 g6 3. g3 Bg7 4. Bg2 O-O 5. O-O c6 6. d4 d5 7. Ne5 Ng4 8.
Nxg4 Bxg4 9. cxd5 cxd5 10. Nc3 Nc6 11. Bxd5 Bh3 12. Re1 Bxd4 13. Bh6 Bg7 14. Bxg7 Kxg7 15. Qb3 Qb6 16. Qxb6 axb6 17. Rad1 Rfd8 18. f3 Bd7 19. Rd2 Be8 20. Red1 e6 21. Bb3 1/2-1/2

[Event "Dvaro taure"]
[Site "Taujenai, Lithuania"]
[Date "2021.11.28"]
[Round "8.4"]
[White "Viskelis, Darius"]
[Black "Povilaitis, Tomas"]
[Result "0-1"]
[WhiteElo "1981"]
[BlackElo "1986"]
[PlyCount "74"]
[EventDate "2021.??.??"]
[TimeControl "10+5"]
[WhiteClock "0:00:14"]
[BlackClock "0:00:36"]

1. e4 c5 2. Nf3 Nc6 3. Bb5 d6 4. O-O Bd7 5. c3 a6 6. Ba4 b5 7. Bc2 c4 8. a4 b4 9. b3 cxb3 10. Bxb3 bxc3 11. Nxc3 g6 12. d4 Bg7 13. Bg5 h6 14. Be3 Bg4 15. h3 Bxf3 16. Qxf3 e6 17. Rad1 Nge7 18. d5 Na5 19. dxe6 fxe6 20. Bxe6 Rf8 21. Qg3 Be5 22. f4 Bxc3 23. e5 Nb7 24. Rd3 Bb4 25.
f5 gxf5 26. Bxh6 d5 27. Rxd5 Qb6+ 28. Kh1 Qxe6 29. Bxf8 Nxd5 30.
Qg7 Bxf8 31. Qxb7 Rd8 32. Qb3 Qxe5 33. Qc4 Bd6 34. Qc6+ Kf8 35. g3 Ne3 36. Rf3 Qa1+ 37. Kh2 Qd4 0-1

[Event "Dvaro taure"]
[Site "Taujenai, Lithuania"]
[Date "2021.11.28"]
[Round "8.5"]
[White "Sumskis, Rimvydas"]
[Black "Aleknavicius, Andrius"]
[Result "1/2-1/2"]
[WhiteElo "1895"]
[BlackElo "1942"]
[PlyCount "48"]
[EventDate "2021.??.??"]
[TimeControl "10+5"]
[WhiteClock "0:03:28"]
[BlackClock "0:09:28"]

1. e4 d6 2. d4 Nf6 3. Nc3 e5 4. dxe5 dxe5 5. Qxd8+ Kxd8 6. Bc4 Be6 7. Bxe6 fxe6 8. Be3 Bd6 9. f3 Ke7 10. Nge2 Nbd7 11. O-O-O a6 12. Kb1 b5 13. a3 h5 14. Nc1 Rad8 15. Nb3 Nb6 16. Na5 Rd7 17. Nc6+ Kf7 18.
Rd3 Nc4 19. Rhd1 Nxe3 20. Rxe3 Ra8 21. Red3 Ke8 22. h3 g5 23.
Kc1 Rg7 24. g4 h4 1/2-1/2

[Event "Dvaro taure"]
[Site "Taujenai, Lithuania"]
[Date "2021.11.28"]
[Round "8.6"]
[White "Zaura, Vidmantas"]
[Black "Povilaitis, Matas"]
[Result "0-1"]
[WhiteElo "1971"]
[BlackElo "1910"]
[PlyCount "90"]
[EventDate "2021.??.??"]
[TimeControl "10+5"]
[WhiteClock "0:00:31"]
[BlackClock "0:01:20"]

1. Nf3 d5 2. c4 c6 3. b3 Nf6 4. Bb2 Bf5 5. g3 e6 6. Bg2 Nbd7 7. O-O Bd6 8. d3 Qc7 9. Nc3 Ne5 10. Nxe5 Bxe5 11. Qc2 dxc4 12. bxc4 h5 13. Nd1 h4 14. Bxe5 Qxe5 15. Qb2 Qxb2 16. Nxb2 hxg3 17. hxg3 Bh3 18. Bxh3 Rxh3 19. Kg2 Rh8 20. Na4 Kd7 21. Rab1 b6 22. c5 Kc7 23. Rfc1 b5 24. Nc3 Rhd8 25. Kf3 a6 26. Rh1 Rd4 27. Rh2 Rad8 28. Rbh1 Rb4 29. Rh8 Rb2 30. Rxd8 Kxd8 31. Rh8+ Ne8 32. Ne4 Ke7 33. a3 Ra2 34. Nd6 Nxd6 35.
cxd6+ Kxd6 36. Rd8+ Ke7 37. Rc8 Rxa3 38. Rxc6 b4 39. Rc7+ Kf6 40. g4 b3 41. Rb7 a5 42. Ke3 a4 43. f4 Ra2 44. Rb5 b2 45. Kd4 a3 0-1

[Event "Dvaro taure"]
[Site "Taujenai, Lithuania"]
[Date "2021.11.28"]
[Round "8.7"]
[White "Juknis, Paulius"]
[Black "Tilvikas, Justas"]
[Result "1-0"]
[WhiteElo "2059"]
[BlackElo "1849"]
[PlyCount "91"]
[EventDate "2021.??.??"]
[TimeControl "10+5"]
[WhiteClock "0:00:37"]
[BlackClock "0:00:16"]

1. d4 Nf6 2. Bf4 d5 3. e3 e6 4. Nf3 c5 5. c3 Bd6 6. Nbd2 Qc7 7. Bxd6 Qxd6 8.
Ne5 O-O 9. Bd3 Nbd7 10. f4 Rd8 11. Qf3 b6 12. g4 Nf8 13. g5 N6d7 14. h4 f6 15.
gxf6 Nxf6 16. O-O-O Bd7 17. Rdg1 Be8 18. h5 h6 19. Rg3 a5 20.
Rhg1 Ra7 21. Qg2 Nxh5 22. Rh3 Kh8 23. Ng4 e5 24. fxe5 Qe6 25.
Rgh1 Nh7 26. Rxh5 Bxh5 27. Rxh5 Rf8 28. Nf3 c4 29. Bc2 Raf7 30. Ngh2 b5 31. Rh3 b4 32. Qg6 Qxg6 33. Bxg6 Rb7 34. Bxh7 Kxh7 35. Ng5+ Kg8 36. Ne6 Rf2 37. Nc5 Rc7 38. e6 bxc3 39. bxc3 Kh7 40. Nf3 Re2 41. Ne5 g5 42. Ned7 Kg7 43. Rf3 g4 44. e7 gxf3 45.
e8=Q f2 46. Ne6+ 1-0

[Event "Dvaro taure"]
[Site "Taujenai, Lithuania"]
[Date "2021.11.28"]
[Round "8.8"]
[White "Stremavicius, Pijus"]
[Black "Muralis, Aloyzas"]
[Result "1-0"]
[WhiteElo "2175"]
[BlackElo "1748"]
[PlyCount "63"]
[EventDate "2021.??.??"]
[TimeControl "10+5"]
[WhiteClock "0:04:23"]
[BlackClock "0:00:46"]

1. e4 e5 2. Nc3 Nc6 3. Bc4 Nf6 4. d3 h6 5. f4 Bc5 6. Nf3 d6 7. Na4 Bb6 8.
Nxb6 axb6 9. O-O Be6 10. Bxe6 fxe6 11. fxe5 dxe5 12. Be3 Qd7 13. b4 Ng4 14. Bd2 O-O-O 15. h3 Nf6 16. b5 Ne7 17. a4 Ng6 18. Bc3 Qd6 19. Kh2 Qc5 20. Qe1 Nd7 21. Qd2 Qe7 22. a5 Nc5 23. axb6 cxb6 24. Qe3 Qd6 25. Nd2 Rhf8 26. Nc4 Qc7 27. Rxf8 Rxf8 28. Ra8+ Kd7 29. Rxf8 Nxf8 30. Bxe5 Qd8 31. Qf3 Kc8 32. Nxb6+ 1-0

[Event "Dvaro taure"]
[Site "Taujenai, Lithuania"]
[Date "2021.11.28"]
[Round "8.9"]
[White "Bagvilas, Lukas"]
[Black "Mulevicius, Andrius"]
[Result "1-0"]
[WhiteElo "2022"]
[BlackElo "1698"]
[PlyCount "139"]
[EventDate "2021.??.??"]
[TimeControl "10+5"]
[WhiteClock "0:00:38"]
[BlackClock "0:00:16"]

1. e4 d5 2. exd5 Nf6 3. Bb5+ Bd7 4. Bc4 Bg4 5. f3 Bf5 6. Nc3 Nbd7 7. d3 Nb6 8.
Be3 Nfxd5 9. Nxd5 Nxd5 10. Bf2 e6 11. Ne2 Bd6 12. O-O O-O 13.
Qd2 c6 14. Ng3 Bg6 15. Ne4 Bf4 16. Qe2 h5 17. Bb3 b6 18. d4 Qc7 19. g3 Bh6 20.
Rad1 Kh7 21. c4 Nf6 22. Nxf6+ gxf6 23. f4 Rg8 24. Kg2 h4 25. Bc2 Bxc2 26. Qxc2+ f5 27. Qe2 Qxf4 28. Be1 Qg4 29. Qxg4 Rxg4 30. Rd3 Rd8 31. Bc3 Rdg8 32. Kh3 hxg3 33. hxg3 R8g5 34. d5 Rh5+ 35. Kg2 cxd5 36. cxd5 exd5 37. Rxd5 Rhg5 38. Be5 f4 39. Rh1 Rxg3+ 40. Kf2 Rg2+ 41. Kf1 f6 42. Rd7+ Kg6 43. Bxf4 Rxb2 44. Bxg5 Bxg5 45. Rxa7 b5 46. Rhh7 Kf5 47. Rhb7 b4 48. Ra4 Bd2 49. Ke2 Bc3+ 50. Kd3 Rd2+ 51. Kc4 Rd4+ 52. Kb3 Bd2 53. Ra5+ Ke4 54. Re7+ Kd3 55. Rf5 Bg5 56. Rb7 Ke4 57. Rf2 Ke3 58. Rc2 f5 59. Rxb4 Rd3+ 60. Rc3 Rxc3+ 61. Kxc3 f4 62. Rb8 Bf6+ 63. Kc2 f3 64. Re8+ Kf2 65. Kd3 Kg2 66. Rg8+ Kf1 67. Rf8 Be7 68. Rxf3+ Kg2 69. Rf7 Bd6 70. a4 1-0

[Event "Dvaro taure"]
[Site "Taujenai, Lithuania"]
[Date "2021.11.28"]
[Round "8.10"]
[White "Kurmis, Edvinas"]
[Black "Posaskov, Nikita"]
[Result "0-1"]
[WhiteElo "1665"]
[BlackElo "1971"]
[PlyCount "70"]
[EventDate "2021.??.??"]
[TimeControl "10+5"]
[WhiteClock "0:00:20"]
[BlackClock "0:01:05"]

1. e4 c5 2. Nf3 e6 3. d4 cxd4 4. Nxd4 Nc6 5. Nc3 Qc7 6. Be3 a6 7. Qd2 Nf6 8. Bd3 Ng4 9. Nxc6 bxc6 10. Bf4 e5 11. Bg3 Bc5 12. O-O O-O 13.
Qg5 d6 14. h3 h6 15. Qd2 Nf6 16. Bh4 Nh5 17. Ne2 d5 18. g4 Nf4 19. Kh2 g5 20. Bg3 Qd7 21. Bxf4 gxf4 22. Qa5 Qd6 23. a3 Be6 24. b4 Ba7 25. exd5 cxd5 26. Qxa6 Qe7 27. Bf5 Bd4 28. Qd3 Bxa1 29. Rxa1 Rfc8 30. Bxe6 Qxe6 31. a4 e4 32. Qd2 e3 33. fxe3 fxe3 34. Qd3 Qe5+ 35. Kg2 Qxa1 0-1

[Event "Dvaro taure"]
[Site "Taujenai, Lithuania"]
[Date "2021.11.28"]
[Round "8.11"]
[White "Spevak, Dovydas"]
[Black "Valantiejus, Vaidotas"]
[Result "0-1"]
[WhiteElo "1523"]
[BlackElo "1962"]
[PlyCount "101"]
[EventDate "2021.??.??"]
[TimeControl "10+5"]
[WhiteClock "0:00:17"]
[BlackClock "0:00:57"]

1. f4 d5 2. Nf3 g6 3. e3 Bg7 4. d4 Nh6 5. Bd3 O-O 6. O-O Bf5 7. b3 Nd7 8. a4 Nf6 9. Re1 c6 10. Nbd2 Re8 11. Ba3 Ne4 12. h3 Nxd2 13. Qxd2 Bxd3 14. Qxd3 Nf5 15. Kh2 Nd6 16. Nd2 e6 17. Rab1 f5 18. Bxd6 Qxd6 19. Nf3 c5 20. c3 Rac8 21. Ne5 Bxe5 22. fxe5 Qc6 23. Qd2 cxd4 24. cxd4 Qc3 25. Qxc3 Rxc3 26. Kg3 Rec8 27. Re2 Rd3 28. Kf4 Rcc3 29. Kg5 Kg7 30. Kf4 Rxb3 31. Rxb3 Rxb3 32. Rc2 h6 33. Rc7+ Kf8 34. Rh7 g5+ 35. Kf3 f4 36. Rxh6 Rxe3+ 37. Kf2 Rd3 38. Rxe6 Rxd4 39. Rg6 Rxa4 40. Rxg5 Kf7 41. Rh5 b5 42. Kf3 a5 43. h4 b4 44. Kxf4 b3+ 45. Kf5 b2 46. Rh7+ Kg8 47. Rb7 Rb4 48. Rxb4 axb4 49. e6 b1=Q+ 50. Kf6 Qf1+ 51. Ke7 0-1

[Event "Dvaro taure"]
[Site "Taujenai, Lithuania"]
[Date "2021.11.28"]
[Round "8.13"]
[White "Griksaite, Egle"]
[Black "Bagdanskis, Dangis"]
[Result "0-1"]
[WhiteElo "1508"]
[BlackElo "1861"]
[PlyCount "104"]
[EventDate "2021.??.??"]
[TimeControl "10+5"]
[WhiteClock "0:00:26"]
[BlackClock "0:05:44"]

1. d4 d5 2. Bf4 Nf6 3. Nf3 Bf5 4. e3 e6 5. Bd3 Bxd3 6. Qxd3 a6 7. c3 c5 8. Nbd2 Nc6 9. h3 Qb6 10. Rb1 Rc8 11. O-O Be7 12. Ne5 O-O 13.
Ndf3 Qa5 14. Ra1 c4 15. Qc2 b5 16. a3 Qb6 17. Bg5 Qb7 18. Rfe1 a5 19. Qd2 Nxe5 20. Nxe5 Ne4 21. Qe2 Nxg5 22. f3 f6 23. Ng4 Nf7 24. e4 Rfe8 25. e5 f5 26. Ne3 b4 27. axb4 axb4 28. Ra4 bxc3 29. bxc3 Qb3 30. Qc2 Bg5 31. Qxb3 cxb3 32. Nd1 Bd2 33. Re2 Bxc3 34. Nxc3 Rxc3 35. Rb2 Rec8 36. Rb4 g5 37. Rb6 R8c6 38. R6xb3 Rxb3 39. Rxb3 Kg7 40. Kf2 h5 41. g3 Kg6 42. Ke3 Nh6 43. Ra3 f4+ 44. gxf4 Nf5+ 45. Kd3 gxf4 46. Ra8 Rb6 47. Ra3 Rb4 48. Ra8 Rxd4+ 49. Ke2 Ng3+ 50. Kf2 Rd2+ 51. Kg1 Kf5 52. Rf8+ Kxe5 0-1

[Event "Dvaro taure"]
[Site "Taujenai, Lithuania"]
[Date "2021.11.28"]
[Round "8.14"]
[White "Gerasimovic, Stanislav"]
[Black "Breikss, Peteris"]
[Result "1-0"]
[WhiteElo "1790"]
[BlackElo "1622"]
[PlyCount "148"]
[EventDate "2021.??.??"]
[TimeControl "10+5"]
[WhiteClock "0:00:40"]

1. e4 c5 2. b3 e5 3. Bb2 d6 4. f4 Nc6 5. Nf3 f6 6. f5 d5 7. exd5 Qxd5 8. Nc3 Qd8 9. Bd3 Nge7 10. O-O Nd4 11. Nxd4 cxd4 12. Qh5+ Kd7 13. Ne4 Nc6 14. a3 Qe8 15. Qf3 b6 16. b4 Bb7 17. c4 a5 18. b5 Nd8 19. Qe2 Rc8 20.
Rac1 Bc5 21. a4 Nf7 22. Nxc5+ bxc5 23. Be4 Nd6 24. Bxb7 Nxb7 25.
Ba3 e4 26. Rf4 Nd6 27. d3 Qe5 28. g3 exd3 29. Qxd3 Rhe8 30. Rf3 Qe4 31. Rcf1 Qxd3 32. Rxd3 Nxc4 33. Rc1 Nxa3 34. Rxa3 c4 35. Kf2 Rc5 36. g4 Kc7 37. Rf3 Kb6 38. Rf4 Rd8 39. Ke2 d3+ 40. Kd2 Rdc8 41. Rc3 R8c7 42. Rd4 Kb7 43. Rd6 Re7 44. Re6 Rxe6 45. fxe6 Kc7 46. e7 Kd7 47.
b6 Rc8 48. b7 Rb8 49. Rxc4 Rxb7 50. Re4 Ke8 51. Kxd3 Rxe7 52. Rc4 Rd7+ 53. Ke4 Rd2 54. Rc5 Rxh2 55. Rxa5 Kf7 56. Ra7+ Kg6 57. a5 Rh4 58. Kf3 Rh3+ 59. Kf4 Ra3 60. a6 Ra4+ 61. Kg3 h6 62. Kf3 Ra5 63. Kf4 f5 64.
gxf5+ Rxf5+ 65. Kg4 Ra5 66. Ra8 Ra4+ 67. Kg3 h5 68. a7 Kf7 69.
Kh3 g5 70. Kg3 Ke7 71. Rh8 h4+ 72. Kg2 Ra2+ 73. Kf3 Ra3+ 74. Kg4 Kf7 1-0

[Event "Dvaro taure"]
[Site "Taujenai, Lithuania"]
[Date "2021.11.28"]
[Round "8.15"]
[White "Cmilis, Viktoras"]
[Black "Posaskov, Sergej"]
[Result "1-0"]
[WhiteElo "1621"]
[BlackElo "1539"]
[PlyCount "111"]
[EventDate "2021.??.??"]
[TimeControl "10+5"]
[WhiteClock "0:02:56"]
[BlackClock "0:00:57"]

1. d4 Nf6 2. Nf3 d5 3. e3 a6 4. a4 Nbd7 5. c4 c6 6. a5 b6 7. cxd5 Nxd5 8.
Qc2 Bb7 9. axb6 Qxb6 10. Bd2 a5 11. Na3 Nb4 12. Qc3 Ba6 13. Bc4 Rb8 14. O-O e6 15. Rfc1 Bb7 16. Nc2 Be7 17. b3 O-O 18. Ra4 c5 19. Nxb4 axb4 20. Qd3 Bxf3 21. gxf3 Nf6 22. Ra6 Qd8 23. Rca1 Nd5 24. e4 Nc3 25. Ra7 cxd4 26. Bf4 Rc8 27. e5 Bg5 28. Bg3 Be7 29. Kg2 Bc5 30. f4 Bxa7 31. Rxa7 h6 32. h4 Re8 33. f5 Rc7 34. Ra1 exf5 35.
Qxf5 d3 36. Bxd3 g6 37. Qf3 Qd5 38. Qxd5 Nxd5 39. Bc4 Nc3 40. e6 Rce7 41. exf7+ Rxf7 42. Ra7 Ref8 43. Bd6 Kg7 44. Bxf8+ Kxf8 45.
Rxf7+ Ke8 46. Rb7 Na2 47. Rb6 g5 48. Rxh6 gxh4 49. Rxh4 Kd7 50. Rh6 Kc7 51. f4 Nc3 52. Kf3 Nd1 53. f5 Nb2 54. Be6 Kd6 55.
Bg8+ Ke5 56. f6 {[%emt 0:00:04] Ke6 [%clk 00:
00:52] [%emt 00:00:02] Rh7+ [%emt 00:00:06]} 1-0

[Event "Dvaro taure"]
[Site "Taujenai, Lithuania"]
[Date "2021.11.28"]
[Round "8.16"]
[White "Griksaite, Ieva"]
[Black "Jonaitis, Herkus"]
[Result "1-0"]
[WhiteElo "1518"]
[BlackElo "1277"]
[PlyCount "51"]
[EventDate "2021.??.??"]
[TimeControl "10+5"]
[WhiteClock "0:02:12"]
[BlackClock "0:06:07"]

1. e4 c5 2. Nc3 Nc6 3. Bb5 e6 4. Bxc6 bxc6 5. d3 d5 6. f4 Ne7 7. Nf3 g6 8.
O-O Bg7 9. e5 Nf5 10. Na4 Qa5 11. b3 O-O 12. Ba3 Ne3 13. Qe2 Nxf1 14. Rxf1 Re8 15. Bxc5 Ba6 16. c4 dxc4 17. dxc4 Red8 18. f5 exf5 19. e6 Qc7 20. e7 Re8 21. Ng5 Bf6 22. Rxf5 gxf5 23. Qh5 Bxg5 24. Qxg5+ Kh8 25. Bd4+ f6 26. Bxf6# 1-0

[Event "Dvaro taure"]
[Site "Taujenai, Lithuania"]
[Date "2021.11.28"]
[Round "8.17"]
[White "Andrusevics, Jegors"]
[Black "Ratkevicius, Andrius"]
[Result "1-0"]
[WhiteElo "1586"]
[BlackElo "1394"]
[PlyCount "71"]
[EventDate "2021.??.??"]
[TimeControl "10+5"]
[WhiteClock "0:04:44"]
[BlackClock "0:03:28"]

1. d4 d5 2. Nf3 c5 3. c3 Nf6 4. Bf4 Bf5 5. e3 Nc6 6. Nbd2 e6 7. h3 cxd4 8.
exd4 Be7 9. Be2 O-O 10. O-O Qb6 11. Qb3 Rfd8 12. Ne5 Nd7 13. Ndf3 Bd6 14. Rac1 Qc7 15. Nxc6 Bxf4 16. Nxd8 Bxc1 17. Nxe6 fxe6 18.
Rxc1 Rf8 19. Qd1 Nf6 20. Bd3 Bxd3 21. Qxd3 Qf4 22. Qd2 Qe4 23. Re1 Qf5 24. Re5 Ne4 25. Rxf5 Rxf5 26. Qe2 g5 27. Nd2 Nxd2 28. Qxd2 Kf7 29. Qe2 Rf6 30. Qb5 h5 31. Qxb7+ Kg6 32. Qxa7 g4 33. hxg4 hxg4 34. Qc7 Kg5 35. Qe5+ Rf5 36. Qxe6 1-0

[Event "Dvaro taure"]
[Site "Taujenai, Lithuania"]
[Date "2021.11.28"]
[Round "8.18"]
[White "Paliulis, Aivaras"]
[Black "Andrijauskas, Domas"]
[Result "0-1"]
[WhiteElo "1714"]
[BlackElo "1441"]
[PlyCount "134"]
[EventDate "2021.??.??"]
[TimeControl "10+5"]
[BlackClock "0:00:18"]

1. e4 c5 2. Nc3 g6 3. g3 Bg7 4. Bg2 Nc6 5. d3 d6 6. Be3 Nf6 7. f3 O-O 8. Qd2 a6 9. Bh6 d5 10. h4 Qd6 11. g4 dxe4 12. Bxg7 Kxg7 13. h5 Qg3+ 14. Kf1 gxh5 15. Nge2 Qe5 16. f4 Qd6 17. g5 Ng4 18. Nxe4 Qc7 19. N2g3 b6 20.
Nxh5+ Kg8 21. Bf3 Nd4 22. Bxg4 Bxg4 23. Nhf6+ exf6 24. Nxf6+ Kg7 25. Rxh7+ Kg6 26. Rh6+ Kf5 27. Qe3 Qxf4+ 28.
Qxf4+ Kxf4 29. Kf2 Kxg5 30. Nxg4 Kxg4 31. Rg1+ Kf5 32. c3 Ne6 33. Rf1 Ke5 34. Ke3 f5 35. Re1 Rae8 36. Kf3+ Kd6 37. b3 Kd7 38. Rh7+ Re7 39. Rh6 Ng5+ 40. Kf2 Rxe1 41. Kxe1 Ne6 42. Rh7+ Kc6 43. Rh6 Kd5 44. c4+ Ke5 45. Kf2 Rg8 46. Rh7 Rd8 47. Ke3 Rg8 48. Rb7 Rg3+ 49. Kd2 Rg2+ 50. Ke3 Rxa2 51. Rxb6 Ra3 52. b4 cxb4 53. Rxb4 Nc5 54. Rb8 Rxd3+ 55. Ke2 Kd4 56. Rf8 Kxc4 57. Rxf5 Rd4 58. Rf8 a5 59. Ra8 Kb4 60. Ke3 Rd6 61. Rb8+ Ka3 62. Rc8 Nb3 63. Ra8 a4 64. Ra7 Rd4 65. Rb7 Kb2 66. Rxb3+ axb3 67. Kxd4 Kc2 0-1

[Event "Dvaro taure"]
[Site "Taujenai, Lithuania"]
[Date "2021.11.28"]
[Round "8.19"]
[White "Jasas, Ignas"]
[Black "Vainermanas, Berelis"]
[Result "0-1"]
[WhiteElo "1216"]
[BlackElo "1663"]
[PlyCount "129"]
[EventDate "2021.??.??"]
[TimeControl "10+5"]
[WhiteClock "0:00:42"]
[BlackClock "0:01:35"]

1. e4 c5 2. Nf3 g6 3. d4 cxd4 4. Nxd4 Bg7 5. Nc3 Nc6 6. Be3 Nf6 7. Qd2 Ng4 8. O-O-O Nxe3 9. Qxe3 Nxd4 10. Rxd4 Bxd4 11. Qxd4 O-O 12. Bd3 d6 13. h4 h5 14. f4 Qb6 15. Qc4 Be6 16. Nd5 Bxd5 17. exd5 Rac8 18. Qe4 Qa5 19. Kb1 Qd2 20. f5 Qh6 21. g4 hxg4 22. Qxg4 Kh8 23. fxg6 fxg6 24. h5 g5 25. Qd4+ Rf6 26. Qxa7 g4 27. Qd4 g3 28.
Rg1 Rg8 29. Bg6 Qf4 30. Qxf4 Rxf4 31. a3 Rg4 32. Kc1 Rf8 33. Kd1 Rf2 34. Bd3 Kg7 35. Ke1 Rh2 36. b4 Rxh5 37. Be2 Re5 38. Kf1 Rf4+ 39. Ke1 Rg5 40. c4 Kf6 41. Rg2 Ke5 42. a4 Kd4 43. a5 Kc3 44. b5 Rh4 45.
Kf1 Rh1+ 46. Rg1 Rxg1+ 47. Kxg1 Kd4 48. a6 bxa6 49. bxa6 Kc5 50. a7 Rg8 51. Kg2 Kb6 52. a8=Q Rxa8 53. Kxg3 Kc5 54. Kf4 Ra4 55. Kf5 Rxc4 56. Bxc4 Kxc4 57. Ke6 Kd4 58. Kxe7 Kxd5 59. Kd7 Ke5 60. Kc6 d5 61. Kc5 Ke4 62. Kb4 d4 63. Kb3 Ke3 64. Kc2 Ke2 65.
Kb2 0-1

[Event "Dvaro taure"]
[Site "Taujenai, Lithuania"]
[Date "2021.11.28"]
[Round "8.20"]
[White "Zalimas, Ugnius"]
[Black "Velicka, Ramunas"]
[Result "1-0"]
[WhiteElo "1392"]
[BlackElo "1606"]
[PlyCount "121"]
[EventDate "2021.??.??"]
[TimeControl "10+5"]
[WhiteClock "0:05:04"]
[BlackClock "0:01:56"]

1. e4 e5 2. Nf3 Nf6 3. Nc3 Nc6 4. d4 d6 5. dxe5 Nxe5 6. Nxe5 dxe5 7. Qxd8+ Kxd8 8. Bg5 Bd6 9. Nd5 h6 10. Bxf6+ gxf6 11. Nxf6 Ke7 12. Nd5+ Kf8 13. O-O-O Be6 14. g3 Kg7 15. Bg2 Rad8 16. Ne3 Bc5 17. Rhf1 Bxa2 18. Nf5+ Kh7 19. f4 Bc4 20. Rxd8 Rxd8 21. Rf3 Be2 22. Rf1 Bxf1 23. Bxf1 exf4 24. gxf4 Rg8 25. Bd3 Rg4 26. Kb1 Rxf4 27. Ka2 a6 28. h4 Kh8 29. Nxh6 Rxh4 30. Nxf7+ Kg7 31. Ng5 Be7 32. Ne6+ Kf6 33. Nxc7 Ke5 34. Nd5 Bd8 35. Kb1 Rh1+ 36. Ka2 Rg1 37. Ne3 Rg6 38. Nd5 Rh6 39. Ne3 Bb6 40. Ng4+ Kf4 41. Nxh6 Bc7 42. Ng8 Ke5 43. Ne7 Bd6 44. Nd5 Kd4 45. Kb3 b5 46. Nf6 Be5 47. Ng4 Bd6 48.
Nf2 Kc5 49. Nd1 a5 50. Nc3 a4+ 51. Ka2 a3 52. bxa3 b4 53. axb4+ Kxb4 54. Nd5+ Kc5 55. Kb3 Kd4 56. Nf6 Be7 57. Ng4 Bg5 58. e5 Be7 59. Bf5 Kc5 60. Bd7 Kd5 61. e6 1-0

[Event "Dvaro taure"]
[Site "Taujenai, Lithuania"]
[Date "2021.11.28"]
[Round "8.21"]
[White "Aleidzans, Vadims"]
[Black "Satkauskas, Benediktas"]
[Result "1/2-1/2"]
[WhiteElo "1563"]
[BlackElo "1392"]
[PlyCount "64"]
[EventDate "2021.??.??"]
[TimeControl "10+5"]
[WhiteClock "0:02:31"]
[BlackClock "0:02:08"]

1. e4 c6 2. d4 d5 3. Nd2 dxe4 4. Nxe4 Nf6 5. Nxf6+ exf6 6. c3 Bd6 7. Bd3 O-O 8. Qc2 Re8+ 9. Ne2 h6 10. O-O Bg4 11. Ng3 Bxg3 12. hxg3 Nd7 13. Bf4 c5 14. Bf5 Bxf5 15. Qxf5 cxd4 16. cxd4 Nf8 17. Rfd1 Ng6 18. Be3 Qd6 19. Qf3 Qd7 20. Rac1 Rac8 21. Rc5 b6 22. Rc3 Rxc3 23. bxc3 Rc8 24. Rc1 Rc4 25. d5 Ne5 26. Qe2 Qxd5 27. Rd1 Qe4 28. Rd4 Rxd4 29. cxd4 Nc6 30. Qc4 Qg4 31. Qxc6 Qd1+ 32. Kh2 Qh5+ 1/2-1/2

[Event "Dvaro taure"]
[Site "Taujenai, Lithuania"]
[Date "2021.11.28"]
[Round "8.22"]
[White "Mecelis, Arturas (J)"]
[Black "Mendelis, Mantas"]
[Result "0-1"]
[WhiteElo "1562"]
[BlackElo "1021"]
[PlyCount "51"]
[EventDate "2021.??.??"]
[TimeControl "10+5"]
[WhiteClock "0:00:10"]
[BlackClock "0:02:06"]

1. d4 d5 2. c4 c6 3. Nc3 Nf6 4. Bg5 Nbd7 5. Nf3 e6 6. e3 Qa5 7. Nd2 Bb4 8.
Qc2 dxc4 9. Bxf6 Nxf6 10. Nxc4 Qg5 11. a3 Be7 12. Ne4 Nxe4 13.
Qxe4 O-O 14. Bd3 g6 15. O-O Rb8 16. Ne5 Bd6 17. f4 Qd8 18. Rf3 Bxe5 19. fxe5 b6 20. Qf4 Bb7 21. Rh3 f5 22. Qh6 Rf7 23. Bc4 Qd7 24. Rf1 Re8 25. Rf4 c5 26. Rg3 0-1

[Event "Dvaro taure"]
[Site "Taujenai, Lithuania"]
[Date "2021.11.28"]
[Round "8.23"]
[White "Mikolavicius, Julius"]
[Black "Bubnys, Marius"]
[Result "0-1"]
[WhiteElo "1152"]
[BlackElo "1490"]
[PlyCount "156"]
[EventDate "2021.??.??"]
[TimeControl "10+5"]
[WhiteClock "0:03:32"]
[BlackClock "0:04:38"]

1. e4 d6 2. d4 Nf6 3. Nc3 g6 4. g3 Bg7 5. Bg2 O-O 6. Nf3 Bg4 7. O-O Qd7 8.
Bg5 Bh3 9. Qd2 Bxg2 10. Kxg2 Nc6 11. Bh6 a6 12. Bxg7 Kxg7 13. d5 Nd8 14. Rfe1 e5 15. Rad1 b5 16. a3 Nb7 17. b4 Rac8 18. Ne2 h6 19. h3 Nxe4 20.
Qe3 f5 21. Nc3 Nxc3 22. Qxc3 f4 23. g4 Nd8 24. Re2 Nf7 25. Rde1 Qd8 26. Qc6 Ra8 27. c4 bxc4 28. Qxc4 Qd7 29. Qc3 Ng5 30. Nxg5 hxg5 31. f3 Rh8 32. Qc6 Qxc6 33. dxc6 Rab8 34. Rc2 Rb5 35. Rd1 a5 36. Rb2 axb4 37. Rxb4 Rxb4 38. axb4 Rb8 39. Rb1 Rb5 40. Kf2 Kf7 41. Ke2 Ke6 42. Kd3 Kd5 43. Kc3 Kxc6 44. Kc4 Rb8 45. b5+ Kd7 46. Kd5 Rb6 47. Rb2 c6+ 48. bxc6+ Rxc6 49. Rb7+ Rc7 50. Rb5 Rc5+ 51. Rxc5 dxc5 52. Kxc5 e4 53. Kd4 e3 54. Kd3 Kd6 55. Ke2 Kd5 56. Kd3 Ke5 57. Kc3 Kd5 58. Kd3 Kc5 59. Kc3 Kb5 60. Kd3 Kb4 61. Kc2 Kc4 62. Kc1 Kd3 63. Kd1 e2+ 64. Ke1 Ke3 65. h4 Kxf3 66. h5 gxh5 67.
gxh5 g4 68. h6 g3 69. h7 g2 70. h8=Q g1=Q+ 71. Kd2 e1=Q+ 72. Kd3 Qge3+ 73. Kc4 Q1c1+ 74. Kb5 Qec5+ 75. Ka6 Q1c4+ 76. Kb7 Q4b5+ 77. Ka8 Qcc6+ 78. Ka7 Qbb7# 0-1

[Event "Dvaro taure"]
[Site "Taujenai, Lithuania"]
[Date "2021.11.28"]
[Round "8.24"]
[White "Praspaliauskas, Matas"]
[Black "Matulaitis, Mantas"]
[Result "1/2-1/2"]
[WhiteElo "1443"]
[BlackElo "1176"]
[PlyCount "107"]
[EventDate "2021.??.??"]
[TimeControl "10+5"]
[WhiteClock "0:00:12"]
[BlackClock "0:01:54"]

1. e4 b6 2. d4 e6 3. Nc3 Bb7 4. g3 d5 5. Bg2 Bb4 6. exd5 Bxc3+ 7. bxc3 Bxd5 8. Bxd5 Qxd5 9. Qf3 Nf6 10. c4 Qxf3 11. Nxf3 Nc6 12. Bb2 O-O 13. O-O Ne4 14. Rad1 Nb4 15. c3 Na6 16. Nd2 Nd6 17. Ba3 Rac8 18.
c5 Nb5 19. Bb2 bxc5 20. dxc5 Nxc5 21. c4 Nd6 22. Ba3 Na6 23. Nb3 Rfd8 24. c5 Ne4 25. Rxd8+ Rxd8 26. Bb2 Nd2 27. Nxd2 Rxd2 28. Ba3 Rxa2 29. Bc1 Rc2 30. Be3 Kf8 31. Ra1 Nxc5 32. Rxa7 Ne4 33. Ra4 Nd6 34. Kg2 Ke7 35. Ra7 Kf6 36. Bd4+ Kg6 37. h4 c5 38. Be3 Nc4 39. Bxc5 Ne5 40. Bd4 Re2 41. Ra5 f6 42. Kf1 Re4 43. Bb2 Nc4 44. Rb5 Nxb2 45. Rxb2 Rd4 46. Kg2 Rd7 47. Rb4 f5 48. Rb6 Kf6 49. Kf3 h6 50.
Kg2 g5 51. hxg5+ hxg5 52. Rb8 Rg7 53. Rb5 Rg8 54. Ra5 1/2-1/2